 Dungeon Crawl Stone Soup version 0.31-a0-1576-ga3383bade6 (webtiles) character file.

Game seed: 784870309615060876

409 Rennog the Magician (level 7, -1/53 HPs)
             Began as a Djinni Fire Elementalist on Jan 4, 2024.
             Slain by an ogre
             ... wielding a +0 giant spiked club
              (25 damage)
             ... on level 4 of the Dungeon.
             The game lasted 00:04:42 (2607 turns).

Rennog the Magician (Djinni Fire Elementalist)      Turns: 2607, Time: 00:04:44

Health: -1/53      AC:  2    Str:  7    XL:     7   Next: 13%
Gold:   130        EV: 12    Int: 19    God:
                   SH:  0    Dex: 13

rFire   + + .        (no weapon)
rCold   x . .        (no shield)
rNeg    . . .        a - +0 robe
rPois   ∞            (no helmet)
rElec   .            (no cloak)
rCorr   .            (no gloves)
SInv    .            (boots unavailable)
Will    +....        (no amulet)
Stlth   ++           n - ring of willpower
HPRegen 0.28/turn    (no ring)
MPRegen 0.00/turn

%: infuse magic (-2 HP)
@: flying
A: sickness immunity, fire resistance 2, cold vulnerability 1, float, innate
caster, HP casting, extra vitality 1
a: no special abilities


You were on level 4 of the Dungeon.
You visited 1 branch of the dungeon, and saw 4 of its levels.

You collected 130 gold pieces.

Inventory:

Armour
 a - a +0 robe (worn)
Magical Staves
 i - a staff of cold
Jewellery
 n - a ring of willpower (left hand)
 t - a ring of see invisible
Scrolls
 f - 2 scrolls of teleportation {unknown}
 g - 3 scrolls of identify {unknown}
 h - a scroll of brand weapon {unknown}
 k - a scroll of amnesia {unknown}
 l - a scroll of revelation {unknown}
 m - a scroll of noise {unknown}
 p - a scroll of vulnerability {unknown}
 q - 2 scrolls of enchant armour {unknown}
 s - a scroll of fog {unknown}
Potions
 b - a potion of enlightenment {unknown}
 c - 4 potions of curing {unknown}
 d - a potion of ambrosia {unknown}
 e - 2 potions of attraction {unknown}
 j - 3 potions of brilliance {unknown}
 o - a potion of lignification {unknown}
 r - a potion of berserk rage {unknown}
 u - a potion of might {unknown}


   Skills:
 + Level 4.7 Fighting
 - Level 2.1 Dodging
 - Level 1.5 Stealth
 + Level 4.8 Spellcasting
 + Level 4.8 Conjurations
 + Level 4.8 Hexes
 + Level 4.8 Summonings
 + Level 4.8 Necromancy
 + Level 4.8 Translocations
 + Level 4.8 Fire Magic
 + Level 4.8 Ice Magic
 + Level 4.8 Air Magic
 + Level 4.8 Earth Magic
 + Level 4.8 Alchemy


You knew the following spells:

 Your Spells              Type           Power      Damage    Failure   Level
a - Foxfire               Conj/Fire      88%        2x1d8     1%          1
b - Scorch                Fire           44%        2d6       2%          2
c - Volatile Blastmotes   Fire/Tloc      44%        2d13      5%          3
d - Inner Flame           Hex/Fire       22%        N/A       5%          3
e - Flame Wave            Conj/Fire      22%        2d8       17%         4
f - Freeze                Ice            88%        1d9       1%          1
g - Blink                 Tloc           44%        N/A       2%          2
h - Vampiric Draining     Necr           22%        2d7       5%          3
Your spell library was empty.

Dungeon Overview and Level Annotations

Branches:
Dungeon (4/15)
 Temple: D:4-7

Altars:
Ashenzari


Innate Abilities, Weirdness & Mutations

You are immune to sickness and miasma.
You are immune to poison.
Your flesh is very heat resistant. (rF++)
You are vulnerable to cold. (rC-)
You float through the air rather than walking.
You learn spells naturally, not from books.
Your magical power is your life essence.
You have superior vitality. (+4 MHP)


Message History

Your foxfire dissipates! x2
Your foxfire dissipates!
Found a stone staircase leading down.
A goblin comes into view. It is wielding a +0 club.
Found a black potion.
The goblin shouts!
The goblin unwields a +0 club.
The goblin wields a +0 sling.
The goblin shoots a sling bullet.
The sling bullet misses you.
You hear a shout!
There is a stone staircase leading down here.
The goblin shoots a sling bullet.
The sling bullet hits you but does no damage.
The goblin shoots a sling bullet.
The sling bullet closely misses you.
An ogre comes into view. It is wielding a +0 giant spiked club.
You see here a black potion.
Casting: Foxfire (safe; 1% risk of failure)
Confirm with . or Enter, or press ? or * to list all spells.
You conjure some foxfire!
Your foxfire dissipates!
The goblin shoots a sling bullet.
The sling bullet hits you.
The ogre hits you with a +0 giant spiked club!!
Casting: Foxfire (safe; 1% risk of failure)
Confirm with . or Enter, or press ? or * to list all spells.
Aiming: Vampiric Draining (dangerous; 5% risk of failure)
Press: ? - help, Shift-Dir - straight line, f - ogre
Aim: an ogre, wielding a +0 giant spiked club You draw life force from the ogre!
You feel life coursing into your body.
The goblin shoots a sling bullet.
The sling bullet hits you.
Casting: Vampiric Draining (dangerous; 5% risk of failure)
Confirm with . or Enter, or press ? or * to list all spells.
You don't know that spell.
Casting: Vampiric Draining (dangerous; 5% risk of failure)
Confirm with . or Enter, or press ? or * to list all spells.
Aiming: Vampiric Draining (dangerous; 5% risk of failure)
Press: ? - help, Shift-Dir - straight line, f/p - ogre
Aim: an ogre, wielding a +0 giant spiked club (moderately wounded)
You draw life force from the ogre!
You feel life coursing into your body.
The goblin shoots a sling bullet.
The sling bullet hits you.
The ogre hits you with a +0 giant spiked club!!
You die...

##### #... #.
#..# #.
#g.###### . .
#.O......
..####.####@###
.....#)..!v..# .
.....##.##.# #
###..##.##.### #
#...>......# #
#..##.##.##.. #
#.#####..##.##.#
#
#........<......
#
#.##.....##.####


You could see an ogre and a goblin (ally target).

Vanquished Creatures
  A phantom (D:4)
  A scorpion (D:4)
  A howler monkey (D:3)
  An orc priest (D:4)
  Jessica (D:2)
  An orc wizard (D:4)
  4 gnolls
  5 adders
  A dart slug (D:1)
  A ribbon worm (D:2)
  12 orcs
  6 ball pythons
  7 endoplasms
  2 giant cockroaches (D:4)
  3 goblins
  2 hobgoblins (D:4)
  2 jackals (D:2)
  A quokka (D:3)
  2 bats
  3 frilled lizards (D:3)
  3 kobolds
  3 rats
63 creatures vanquished.

Vanquished Creatures (others)
  112 foxfires
112 creatures vanquished.

Grand Total: 175 creatures vanquished

Notes
Turn   | Place    | Note
-------+----------+-------------------------------------------
     0 | D:1      | Rennog the Djinni Fire Elementalist began the quest for the
                  | Orb.
     0 | D:1      | Rennog set off with the following spells memorised:
                  | Foxfire, Scorch, Volatile Blastmotes, Inner Flame, Flame
                  | Wave.
     0 | D:1      | Reached XP level 1. HP: 15/15 MP: 0/0
   294 | D:1      | Reached XP level 2. HP: 21/22 MP: 0/0
   311 | D:1      | Reached skill level 1 in Fighting
   670 | D:2      | Reached XP level 3. HP: 21/27 MP: 0/0
   670 | D:2      | Learned a level 1 spell: Freeze
   981 | D:2      | Noticed Jessica
   984 | D:2      | Killed Jessica
   985 | D:2      | Reached XP level 4. HP: 24/34 MP: 0/0
  1412 | D:3      | Found a broken altar of Ashenzari.
  1592 | D:3      | Reached XP level 5. HP: 31/40 MP: 0/0
  1592 | D:3      | Learned a level 2 spell: Blink
  2177 | D:4      | Noticed a phantom
  2181 | D:4      | Killed a phantom
  2182 | D:4      | Reached XP level 6. HP: 40/47 MP: 0/0
  2552 | D:4      | Reached XP level 7. HP: 51/53 MP: 0/0
  2552 | D:4      | Learned a level 3 spell: Vampiric Draining
  2607 | D:4      | Slain by an ogre

Illustrated notes

Levels and vault maps discovered:
D:1:      dpeg_arrival_rooms_b, layout_rooms, nrook_mini_vaults
D:2:      layout_basic, uniq_jessica
D:3:      layout_loops_ring, mainiacjoe_overflow_six_doors_small,
          minmay_misc_feat_square, minmay_between
D:4:      layout_loops_ring, gammafunk_temple_overflow_elements

Skill      XL: |  1  2  3  4  5  6 |
---------------+-------------------+-----
Fighting       | 1 2 3 4 |  4.7
Spellcasting   | 4 |  4.8
Conjurations   | 4 |  4.8
Hexes          | 4 |  4.8
Summonings     | 4 |  4.8
Necromancy     | 4 |  4.8
Translocations | 4 |  4.8
Fire Magic     | 4 |  4.8
Ice Magic      | 4 |  4.8
Air Magic      | 4 |  4.8
Earth Magic    | 4 |  4.8
Alchemy        | 4 |  4.8
Dodging        | |  2.1
Stealth        | |  1.5

Action                     |  1- 3 |  4- 6 |  7- 9 || total
---------------------------+-------+-------+-------++-------
   Cast: Foxfire           |    14 |    42 |     8 ||    64
         Scorch            |    16 |    32 |     1 ||    49
         Vampiric Draining |       |       |     3 ||     3
 Armour: Robe              |     3 |    10 |     6 ||    19
  Dodge: Dodged            |     3 |     9 |     2 ||    14

Table legend: (Time is in decaauts)
 A = Elapsed time spent in this place.
 B = Non-inter-level travel time spent in this place.
 C = Inter-level travel time spent in this place.
 D = Time resting spent in this place.
 E = Time spent auto-exploring this place.
 F = Levels seen in this place.
 G = Mean time per level.
                   A        B        C        D        E       F      G
               +--------+--------+--------+--------+--------+-----+--------+
         Total |   2605 |   2522 |     83 |      0 |   2214 |   4 |  651.2 |
       Dungeon |   2605 |   2522 |     83 |      0 |   2214 |   4 |  651.2 |
               +--------+--------+--------+--------+--------+-----+--------+

Top non-repeatable levels by time:
     D:3: 955 daAuts
     D:2: 719 daAuts
     D:1: 476 daAuts
     D:4: 454 daAuts
